Match 37904954
Unlisted

Match 37904954
End
Construct Section Command Post
Vickers Machine Gun Team
Dingo Light Scout Car
Infantry Section
Grenade Package
Infantry Section
Construct Field Infirmary
Infantry Section
Construct Platoon Command Post
Construct Company Command Post
Crusader II Medium Tank
Crusader II Medium Tank
Selects Air and Sea Battlegroup
Selects Commando Section Paradrop
Selects M1 Pack Howitzer Paradrop
Selects Anti-tank Rocket Loiter
Selects Supply Surplus
Anti-tank Rocket Loiter
Commando Section Paradrop
Anti-tank Rocket Loiter
Crusader II Medium Tank
Starfucker
WildNoUT
Salva99
Atomic Floyd
deadsadbadmad
Alessandro-9891
0
0

Comments sign in to comment!

No comments posted yet!